 Dungeon Crawl Stone Soup version 0.32-a0-640-gc5db3fc80f (webtiles) character file.

Game seed: 16406385263446490076

791 seren the Cudgeller (level 7, -1/56 HPs)
             Began as a Demonspawn Fighter on Mar 7, 2024.
             Was an Initiate of Beogh.
             Slain by Duvessa
             ... wielding a +0 rapier
              (12 damage)
             ... on level 5 of the Dungeon.
             The game lasted 00:09:57 (4415 turns).

seren the Cudgeller (Demonspawn Fighter)            Turns: 4415, Time: 00:09:59

Health: -1/56      AC: 15    Str: 18    XL:     7   Next: 57%
Magic:  22/22      EV: 10    Int:  8    God:    Beogh [......]
Gold:   146        SH:  5    Dex: 13    Spells: 6/6 levels left

rFire   . . .        r - +2 mace (protect)
rCold   . . .        c - +0 buckler
rNeg    . . .        b - +0 scale mail
rPois   .            (helmet restricted)
rElec   .            v - scarf {shadows}
rCorr   .            (no gloves)
SInv    .            (no boots)
Will    .....        z
                       - Hermit's Pendant {Faith Invo=14 Evo=0 MP+5} Stlth
                     (no ring)
HPRegen 0.29/turn    (no ring)
MPRegen 0.36/turn

%: faith
@: under a protective aura
A: horns 1, rugged brown scales 1, ignite blood 1, magic regeneration
a: Renounce Religion


You were on level 5 of the Dungeon.
You worshipped Beogh.
Beogh was noncommittal.
You visited 2 branches of the dungeon, and saw 6 of its levels.

You collected 146 gold pieces.

Inventory:

Hand Weapons
 m - a +4 mace
 r - a +2 mace of protection (weapon)
Missiles
 i - 22 stones (quivered)
 p - 5 javelins
Armour
 a - the +0 leather armour "Jawuq" {Will- Int+3 SInv}
   (You found it on level 4 of the Dungeon)

   Int+3:     It affects your intelligence (+3).
   Will-:     It decreases your willpower.
   SInv:      It lets you see invisible.
 b - a +0 scale mail (worn)
 c - a +0 buckler (worn)
 v - a scarf of shadows (worn)
 x - a +0 chain mail
Magical Staves
 o - a staff of alchemy
Jewellery
 n - a ring of fire
 q - an amulet of guardian spirit
 z - the Hermit's Pendant (around neck) {Faith Invo=14 Evo=0 MP+5}
   (You found it on level 5 of the Dungeon)

   [amulet of faith]

   Invo=14: It sets your Invocations skill to 14.
   Evo=0: It sets your Evocations skill to 0.
   Faith:     It allows you to gain divine favour quickly.
   MP+5:      It affects your magic capacity (+5).
Wands
 u - a wand of warping (10)
Scrolls
 g - 3 scrolls of identify {unknown}
 j - 2 scrolls of teleportation {!r}
 l - a scroll of noise {unknown}
 s - a scroll of silence {unknown}
 t - a scroll of fear {unknown}
 w - a scroll of brand weapon {unknown}
 y - a scroll of revelation {unknown}
Potions
 d - a potion of lignification
 e - 4 potions of curing
 f - a potion of heal wounds
 h - 2 potions of magic {unknown}
 k - a potion of mutation {unknown}


   Skills:
 + Level 4.4 Fighting
 * Level 4.5 Maces & Flails
 + Level 4.0 Armour
 + Level 2.4 Dodging
 + Level 4.0 Shields
 + Level 2.2(14.0) Invocations
 + Level 1.5(0.0) Evocations


You had 6 spell levels left.
You didn't know any spells.
Your spell library contained the following spells:

 Spells                   Type           Power      Damage    Failure   Level
 Magic Dart               Conj           0%         1d3       86%         1
 Sandblast                Erth           0%         2d4       86%         1
 Blink                    Tloc           0%         N/A       94%         2
 Call Imp                 Summ           0%         N/A       94%         2
 Cigotuvi's Dreadful Rot  Necr/Alch/Air  0%         N/A       94%         2
 Passwall                 Erth           0%         N/A       99%         3
 Stone Arrow              Conj/Erth      0%         3d7       99%         3
 Brom's Barrelling Bould  Conj/Erth      0%         2d3       100%        4
 Ignite Poison            Fire/Alch      0%         N/A       100%        4
 Olgreb's Toxic Radiance  Alch           0%         N/A       100%        4
 Freezing Cloud           Conj/Ice/Air   0%         6-21      100%        5
 Irradiate                Conj/Alch      0%         3d11      100%        5
 Ozocubu's Refrigeration  Ice            0%         4d7       100%        7
 Discord                  Hex            0%         N/A       100%        8


Dungeon Overview and Level Annotations

Branches:
Dungeon (5/15)             Temple (1/1) D:4

Altars:
Ashenzari
Cheibriados
Dithmenos
Gozag
Hepliaklqana
Kikubaaqudgha
Makhleb
Nemelex Xobeh
Okawaru
Ru
Trog
Uskayaw
Vehumet
Wu Jian
Xom
Yredelemnul

Annotations:
D:2 Sigmund
D:5 Duvessa


Innate Abilities, Weirdness & Mutations

You have a pair of small horns on your head.
You are partially covered in rugged brown scales. (AC +1, +3% HP)
Your demonic aura sometimes causes spilled blood to erupt in flames.
You regenerate magic rapidly.


Message History

You finish putting on the Hermit's Pendant {Faith Invo=14 Evo=0 MP+5}.
You feel a surge of divine interest.
z - the Hermit's Pendant (around neck) {Faith Invo=14 Evo=0 MP+5} Magic restored.
There is a faded altar of an unknown god here.
You see here a wyvern corpse.
There is a stone staircase leading down here.
There is an open door here.
There is an open door here.
Found an escape hatch in the floor.
There is an escape hatch in the floor here.
You now have 146 gold pieces (gained 14).
Duvessa goes berserk!
Okay, then.
You hit Duvessa.
Your weapon exudes an aura of protection.
Duvessa is lightly wounded.
You block Duvessa's attack. Duvessa hits you with a +0 rapier!
You barely miss Duvessa. Your headbutt misses Duvessa.
Duvessa is lightly wounded.
Duvessa hits you with a +0 rapier!
* * * LOW HITPOINT WARNING * * *
You barely miss Duvessa.
Duvessa is lightly wounded.
Duvessa hits you but does no damage. You block Duvessa's attack.
You hit Duvessa.
Duvessa is lightly wounded.
Duvessa hits you with a +0 rapier!
* * * LOW HITPOINT WARNING * * *
Duvessa hits you with a +0 rapier!
* * * LOW HITPOINT WARNING * * *
You hit Duvessa but do no damage. You headbutt Duvessa.
Duvessa is lightly wounded.
Duvessa hits you but does no damage. You block Duvessa's attack.
You hit Duvessa but do no damage. You headbutt Duvessa, but do no damage.
Duvessa is lightly wounded.
Duvessa hits you with a +0 rapier.
* * * LOW HITPOINT WARNING * * *
Duvessa hits you with a +0 rapier!
You die...

#.#.#...........##
#.#.#.#.#.######.##
#.........# #.#
#####.##### #.# #.#
##'## #.# ##...##
#.## ##.....##
#e.## ##.......##
##@..####.........#
#.......'.........'
#....####.........#
#.#.## ##.......##
#.### ##.....## #.#
##...## #.# ##'##
#.# #.# #.# #.#


You could see Duvessa (berserk).

Vanquished Creatures
  A wyvern (D:5)
  A water moccasin (D:5)
  2 black bears
  A scorpion (D:5)
  Dowan (D:5)
  An orc priest (D:4)
  A jelly (D:4)
  A sleepcap (D:4)
  3 iguanas
  4 gnolls
  4 adders
  A shadow imp (D:5)
  3 dart slugs
  6 orcs
  4 ball pythons
  2 endoplasms
  3 giant cockroaches
  5 goblins
  3 hobgoblins
  A quokka (D:1)
  2 bats
  6 frilled lizards
  10 kobolds
  A rat (D:1)
67 creatures vanquished.

Vanquished Creatures (others)
  An endoplasm (D:4)
1 creature vanquished.

Grand Total: 68 creatures vanquished

Notes
Turn   | Place    | Note
-------+----------+-------------------------------------------
     0 | D:1      | seren the Demonspawn Fighter began the quest for the Orb.
     0 | D:1      | Reached XP level 1. HP: 18/18 MP: 1/1
    99 | D:1      | Gained mutation: Your demonic aura sometimes causes spilled
                  | blood to erupt in flames. [demonic ancestry]
    99 | D:1      | Reached XP level 2. HP: 14/24 MP: 2/2
   672 | D:1      | Found a faded altar of an unknown god.
   680 | D:1      | Gained mutation: You regenerate magic rapidly. [demonic
                  | ancestry]
   680 | D:1      | Reached XP level 3. HP: 27/29 MP: 3/3
  1164 | D:2      | Noticed Sigmund
  1697 | D:3      | Found a radiant altar of Vehumet.
  2056 | D:4      | Noticed a black bear
  2127 | D:4      | Reached XP level 4. HP: 10/35 MP: 4/4
  2278 | D:4      | Killed a black bear
  2279 | D:4      | Reached skill level 1 in Dodging
  2279 | D:4      | Gained mutation: You have a pair of small horns on your
                  | head. [demonic ancestry]
  2279 | D:4      | Reached XP level 5. HP: 41/42 MP: 5/5
  2373 | D:4      | Became a worshipper of Beogh the Shepherd
  2475 | D:4      | Identified the +0 leather armour "Jawuq" {Will- Int+3 SInv}
  2863 | D:4      | Reached XP level 6. HP: 48/48 MP: 6/6
  2928 | D:4      | Found a staircase to the Ecumenical Temple.
  2934 | Temple   | Entered the Ecumenical Temple
  3142 | D:5      | Entered Level 5 of the Dungeon
  3372 | D:5      | Got the Octavo of Intoxication
  3424 | D:5      | Noticed a water moccasin
  3432 | D:5      | Killed a water moccasin
  3433 | D:5      | Reached skill level 1 in Invocations
  3572 | D:5      | Noticed Dowan
  3572 | D:5      | Noticed Duvessa
  3673 | D:5      | Killed Dowan
  3827 | D:5      | Reached skill level 1 in Evocations
  3827 | D:5      | Gained mutation: You are partially covered in rugged brown
                  | scales. (AC +1, +3% HP) [demonic ancestry]
  3827 | D:5      | Reached XP level 7. HP: 48/55 MP: 5/8
  4143 | D:5      | Found a faded altar of an unknown god.
  4143 | D:5      | Noticed a wyvern
  4143 | D:5      | Found the Hermit's Pendant {Faith Invo=14 Evo=0 MP+5}
  4160 | D:5      | Killed a wyvern
  4415 | D:5      | Slain by Duvessa

Illustrated notes

Levels and vault maps discovered:
D:1:      hellmonk_arrival_library, layout_basic,
          hellmonk_ecumenical_altar_zigzags, serial_bayou_crossing
D:2:      layout_loops_corners, uniq_sigmund, uniq_jessica
D:3:      layout_loops_ring, old_standard_altar
D:4:      layout_basic, minmay_temple_entry_enclosed_plants
D:5:      layout_loops_corners, hellmonk_guarded_unrand_hermit, uniq_duvessa
Temple:   regret_index_temple_chain_breaker

Skill      XL: |  1  2  3  4  5  6  7 |
---------------+----------------------+-----
Maces & Flails | 2 3 4 |  4.5
Armour         | 3 4 |  4.0
Shields        | 3 4 |  4.0
Dodging        | 1 2 |  2.4
Fighting       | 4 |  4.4
Invocations    | 1 2 |  2.2
Evocations     | 1 |  1.5

Action                     |  1- 3 |  4- 6 |  7- 9 || total
---------------------------+-------+-------+-------++-------
  Melee: Flail             |    94 |    25 |       ||   119
         Mace              |       |    70 |    26 ||    96
         Headbutt          |       |    15 |     5 ||    20
         Whip              |       |     4 |       ||     4
  Throw: Stone             |       |     3 |       ||     3
 Invoke: Convert to Beogh  |       |     1 |       ||     1
  Evoke: Wand              |       |     2 |       ||     2
    Use: Potion            |       |     3 |     1 ||     4
         Scroll            |       |     2 |       ||     2
 Armour: Scale mail        |    76 |    68 |    12 ||   156
         Skin              |       |       |    22 ||    22
  Dodge: Dodged            |    40 |    44 |     5 ||    89
  Block: Buckler           |    13 |    19 |     7 ||    39

Table legend: (Time is in decaauts)
 A = Elapsed time spent in this place.
 B = Non-inter-level travel time spent in this place.
 C = Inter-level travel time spent in this place.
 D = Time resting spent in this place.
 E = Time spent auto-exploring this place.
 F = Levels seen in this place.
 G = Mean time per level.
                   A        B        C        D        E       F      G
               +--------+--------+--------+--------+--------+-----+--------+
         Total |   4485 |   4232 |    253 |    491 |   2763 |   6 |  747.5 |
       Dungeon |   4483 |   4230 |    253 |    491 |   2763 |   5 |  896.6 |
        Temple |      1 |      1 |      0 |      0 |      0 |   1 |    1.0 |
               +--------+--------+--------+--------+--------+-----+--------+

Top non-repeatable levels by time:
     D:5: 1287 daAuts
     D:1: 1246 daAuts
     D:4: 1003 daAuts
     D:3: 824 daAuts
     D:2: 122 daAuts
  Temple: 1 daAuts
